 Dungeon Crawl Stone Soup version 0.28-a0-883-gc8d7bad45d (webtiles) character file.

Game seed: 18127248095867938985

83 horus123 the Chiller (level 4, -2/22 (24) HPs)
             Began as a Deep Elf Ice Elementalist on Nov 21, 2021.
             Was an Initiate of Ashenzari.
             Slain by a wight (7 damage)
             ... on level 4 of the Dungeon.
             The game lasted 00:04:48 (2475 turns).

horus123 the Chiller (Deep Elf Ice Elementalist)    Turns: 2475, Time: 00:04:49

HP:   -2/22 (24)    AC:  9    Str:  5    XL:     4   Next: 22%
MP:   2/11          EV: 13    Int: 21    God:    Ashenzari [......]
Gold: 118           SH:  0    Dex: 21    Spells: 3/10 levels left

rFire   . . .      SeeInvis .   e - +1 short sword
rCold   . . .      Faith    .   (no shield)
rNeg    . . .      Spirit   .   a - +0 robe
rPois   .          Reflect  .   (no helmet)
rElec   .          Harm     .   (no cloak)
rCorr   .          Rampage  .   (no gloves)
Will    .....                   (no boots)
Stlth   ++........              (no amulet)
HPRegen 0.07/turn               c - ring of the Perceptive Repose {Dex+6, Alch, Bglg} (curse)
MPRegen 0.12/turn               (no ring)

@: ice-armoured, freezing walls, drained
A: no striking features
a: Renounce Religion, Curse Item, Shatter the Chains


You were on level 4 of the Dungeon.
You worshipped Ashenzari.
Ashenzari was noncommittal.
You visited 1 branch of the dungeon, and saw 4 of its levels.

You collected 118 gold pieces.

Inventory:

Hand Weapons
 e - a +1 short sword (weapon)
Armour
 a - a +0 robe (worn)
Jewellery
 c - the cursed ring of the Perceptive Repose (left hand) {Dex+6, Alch, Bglg}
   (You found it on level 2 of the Dungeon)

   [ring of dexterity]

   Dex:       It affects your dexterity (+6).
   It has a curse which improves the following skills: Alchemy: Poison Magic and
   Transmutations.
   Beguiling: Conjurations, Hexes and Translocations.
Scrolls
 b - 2 scrolls of fear
 d - a scroll of magic mapping
 j - a scroll of enchant armour {unknown}
 k - a scroll of identify
Potions
 f - a potion of degeneration {unknown}
 g - a potion of mutation {unknown}
 h - a potion of heal wounds
 i - a potion of haste {unknown}
 l - a potion of lignification {unknown}
 m - a potion of invisibility {unknown}


   Skills:
 - Level 2.4 Dodging
 - Level 2.4 Stealth
 - Level 3.5 Spellcasting
 + Level 1.2(1.6) Hexes
 - Level 6.0 Ice Magic


You had 3 spell levels left.
You knew the following spells:

 Your Spells              Type           Power      Damage    Failure   Level
a - Freeze                Ice            100%       1d11      1%          1
b - Frozen Ramparts       Ice            56%        1d7       3%          3
c - Ozocubu's Armour      Ice            28%        N/A       3%          3

Your spell library contained the following spells:

 Spells                   Type           Power      Damage    Failure   Level
 Hailstorm                Conj/Ice       16%        3d6       36%         4


Dungeon Overview and Level Annotations

Branches:
Dungeon (4/15)
 Temple: D:4-7

Altars:
Ashenzari
Dithmenos
Elyvilon
Fedhas
Gozag
Kikubaaqudgha
Sif Muna
Uskayaw
Vehumet
Xom
The Shining One


Message History

The wight resists.
The wall freezes the wight.
The wight completely misses you.
Casting: Frozen Ramparts (quite dangerous; 3% risk of failure)
Confirm with . or Enter, or press ? or * to list all spells.
The spell is quite dangerous to cast (3% risk of failure)!
Continue anyway?
A film of ice covers your body!
The wight resists.
The wall freezes the wight.
The wight misses you.
You hit the wight but do no damage.
The wight is lightly damaged.
The wight resists.
The wall freezes the wight.
The wight barely misses you.
You hit the wight.
The wight is moderately damaged.
The wight completely resists.
The wall freezes the wight but does no damage.
The wight hits you with a +3 short sword.
You feel drained.
* * * LOW HITPOINT WARNING * * *
Aiming: Freeze (safe; 1% risk of failure)
Press: ? - help, Q - select action, (/) - cycle Shift-Dir - straight line, f - wight
Aim: a wight, wielding a +3 short sword and wearing a +0 robe (moderately damaged)
You freeze the wight.
The wight resists.
The wight is moderately damaged.
The wight resists.
The wall freezes the wight.
The wight hits you with a +3 short sword.
* * * LOW HITPOINT WARNING * * *
Aiming: Freeze (safe; 1% risk of failure)
Press: ? - help, Q - select action, (/) - cycle Shift-Dir - straight line, f/p - wight
Aim: a wight, wielding a +3 short sword and wearing a +0 robe (heavily damaged)
You freeze the wight.
The wight resists.
The wight is heavily damaged.
The wight completely resists.
The wall freezes the wight but does no damage.
The wight closely misses you.
Aiming: Freeze (safe; 1% risk of failure)
Press: ? - help, Q - select action, (/) - cycle Shift-Dir - straight line, f/p - wight
Aim: a wight, wielding a +3 short sword and wearing a +0 robe (heavily damaged)
You freeze the wight but do no damage.
The wight completely resists.
The wight completely resists.
The wall freezes the wight but does no damage.
The wight hits you with a +3 short sword!
You die...

#............#
#............#
#............#
#............#
#####.....####
#.....#
#.....#
#.....#
#@....#
###z....#####
#............
#............
#............
#............
#............
#............
#............


You could see a wight.

Vanquished Creatures
  3 adders
  A worm (D:2)
  A dart slug (D:1)
  5 orcs (D:3)
  4 endoplasms
  4 giant cockroaches
  5 goblins
  2 hobgoblins
  A quokka (D:1)
  4 ball pythons
  5 bats
  4 frilled lizards
  4 kobolds
  2 rats
45 creatures vanquished.

Notes
Turn   | Place    | Note
-------+----------+-------------------------------------------
     0 | D:1      | horus123 the Deep Elf Ice Elementalist began the quest for
                  | the Orb.
     0 | D:1      | Reached XP level 1. HP: 10/10 MP: 6/6
   314 | D:1      | Reached XP level 2. HP: 14/15 MP: 5/8
   385 | D:1      | Reached skill level 5 in Ice Magic
   892 | D:2      | Reached XP level 3. HP: 16/19 MP: 6/9
   896 | D:2      | Learned a level 3 spell: Frozen Ramparts
   900 | D:2      | Learned a level 3 spell: Ozocubu's Armour
  1307 | D:2      | Found a broken altar of Ashenzari.
  1328 | D:2      | Became a worshipper of Ashenzari the Shackled
  1497 | D:2      | Reached skill level 6 in Ice Magic
  1717 | D:3      | Reached XP level 4. HP: 21/24 MP: 9/11
  1769 | D:3      | Found an ancient bone altar of Kikubaaqudgha.
  1769 | D:3      | Found a white marble altar of Elyvilon.
  1769 | D:3      | Found a shadowy altar of Dithmenos.
  1773 | D:3      | Found a hide-covered altar of Uskayaw.
  1858 | D:3      | Found a faded altar of an unknown god.
  1912 | D:3      | Reached skill level 1 in Hexes
  2230 | D:3      | Found a broken altar of Ashenzari.
  2232 | D:3      | Found a radiant altar of Vehumet.
  2235 | D:3      | Found a shimmering altar of Xom.
  2239 | D:3      | Found a shimmering blue altar of Sif Muna.
  2240 | D:3      | Found an opulent altar of Gozag.
  2242 | D:3      | Found a blossoming altar of Fedhas.
  2243 | D:3      | Found a glowing golden altar of the Shining One.
  2475 | D:4      | Slain by a wight

Illustrated notes

Levels and vault maps discovered:
D:1:      dpeg_arrival_shelter, layout_rooms
D:2:      layout_basic, basic_altar, kennysheep_generic_room_4
D:3:      layout_basic, nicolae_overflow_hallway_of_the_gods,
          ebering_ecumenical_altar_box
D:4:      layout_basic

Skill      XL: |  1  2  3  4 |
---------------+-------------+-----
Ice Magic      | 5 6 |  6.0
Hexes          | 1 |  1.2
Dodging        | |  2.4
Stealth        | |  2.4
Spellcasting   | |  3.5

Action                   |  1- 3 |  4- 6 || total
-------------------------+-------+-------++-------
Melee: Short sword       |     2 |     3 ||     5
       Unarmed           |     1 |       ||     1
 Cast: Freeze            |    47 |    10 ||    57
       Frozen Ramparts   |       |     2 ||     2
       Ozocubu's Armour  |       |     1 ||     1
Invok: Curse Item        |       |     1 ||     1
  Use: Scroll            |     3 |     3 ||     6
 Stab: Sleeping          |     1 |       ||     1
Armor: Robe              |     7 |       ||     7
Dodge: Dodged            |    19 |     6 ||    25

Table legend: (Time is in decaauts)
 A = Elapsed time spent in this place.
 B = Non-inter-level travel time spent in this place.
 C = Inter-level travel time spent in this place.
 D = Time resting spent in this place.
 E = Time spent auto-exploring this place.
 F = Levels seen in this place.
 G = Mean time per level.
                   A        B        C        D        E       F      G
               +--------+--------+--------+--------+--------+-----+--------+
         Total |   2473 |   2427 |     46 |      0 |   2056 |   4 |  618.2 |
       Dungeon |   2473 |   2427 |     46 |      0 |   2056 |   4 |  618.2 |
               +--------+--------+--------+--------+--------+-----+--------+

Top non-repeatable levels by time:
     D:1: 816 daAuts
     D:3: 794 daAuts
     D:2: 742 daAuts
     D:4: 119 daAuts
